 Dungeon Crawl Stone Soup version 0.22.1-1-ga44c0e5 (webtiles) character file.

245 Fang the Chopper (level 6, -3/39 HPs)
             Began as a Gargoyle Berserker on Sept 28, 2018.
             Was a Priest of Trog.
             Shot with an arrow by a centaur (12 damage)
             ... on level 4 of the Dungeon.
             The game lasted 00:04:11 (2876 turns).

Fang the Chopper (Gargoyle Berserker)               Turns: 2876, Time: 00:04:12

Health: -3/39      AC:  6    Str: 23    XL:     6   Next: 10%
Magic:  6/6        EV: 12    Int: 10    God:    Trog [***...]
Gold:   153        SH:  0    Dex:  9    Spells: 5/5 levels left

rFire    . . .     SeeInvis .   a - +0 hand axe
rCold    . . .     Gourm    .   (no shield)
rNeg     + . .     Faith    .   b - +0 animal skin
rPois    ∞         Spirit   .   (no helmet)
rElec    +         Reflect  .   (no cloak)
rCorr    .         Harm     .   (no gloves)
MR       .....                  (no boots)
Stlth    +.........             (no amulet)
HPRegen  0.13/turn              d - +3 ring of intelligence
MPRegen  0.10/turn              (no ring)

@: berserk cooldown, slowed, very slow
A: negative energy resistance 1, electricity resistance, unbreathing,
petrification resistance, rot immunity, AC +4
a: Berserk, Trog's Hand, Renounce Religion


You were on level 4 of the Dungeon.
You worshipped Trog.
Trog was most pleased with you.
You were very hungry.

You visited 1 branch of the dungeon, and saw 4 of its levels.

You collected 153 gold pieces.

Inventory:

Hand Weapons
 a - a +0 hand axe (weapon)
Armour
 b - a +0 animal skin (worn)
Jewellery
 d - a +3 ring of intelligence (left hand)
Wands
 s - a wand of clouds (5)
Scrolls
 e - a scroll of fear {unknown}
 g - 6 scrolls of identify {unknown}
 i - 2 scrolls of enchant armour {unknown}
 k - a scroll of amnesia {unknown}
 l - 3 scrolls of remove curse {unknown}
 q - 2 scrolls of teleportation {unknown}
 r - a scroll of fog {unknown}
 t - a scroll of enchant weapon {unknown}
 u - a scroll of immolation {unknown}
Potions
 f - a potion of haste {unknown}
 h - 2 potions of degeneration {unknown}
 j - a potion of resistance {unknown}
 m - a potion of mutation {unknown}
 n - a potion of curing {unknown}
 o - 4 potions of heal wounds {unknown}
 p - a potion of brilliance {unknown}
Comestibles
 c - 7 rations


   Skills:
 + Level 4.5 Fighting
 + Level 4.7 Axes
 + Level 2.3 Armour
 + Level 2.7 Dodging
 + Level 0.4 Stealth


You had 5 spell levels left.
You didn't know any spells.
Your spell library was empty.

Dungeon Overview and Level Annotations

Branches:
Dungeon (4/15)
 Temple: D:4-7

Altars:
Fedhas
Makhleb


Innate Abilities, Weirdness & Mutations

You are resistant to torment.
Your stone body is resilient. (AC +4)
You are immune to poison.
You resist negative energy. (rN+)
You are resistant to electric shocks. (rElec)
You can survive without breathing.
You are immune to petrification.
You are immune to rotting.


Message History

The bush is lightly damaged.
You hit the bush.
The centaur hits the bush but does no damage.
The centaur wields an uncursed shortbow of flaming.
It bursts into flame!
The centaur shoots an arrow.
The arrow hits you. The arrow burns you.
You hit the bush but do no damage.
The bush is lightly damaged.
You hit the bush.
The centaur shoots an arrow.
The arrow hits you! The arrow burns you.
The centaur shoots an arrow.
The arrow misses you.
Unknown command.
You hit the bush but do no damage.
The bush is lightly damaged.
You hit the bush but do no damage.
The centaur shoots an arrow.
The arrow hits you.
* * * LOW HITPOINT WARNING * * *
The arrow burns you.
* * * LOW HITPOINT WARNING * * *
The centaur shoots an arrow.
The arrow hits you!
You die...

#.#............# #.
#........
#.######.#######
##.###########.. #
#.#
#####...#.....####..
#..
...................
#.##
P......#...........
#.# P
PP..#........(....#
#.# P_PP.##
##.....###### .#
PcP..# ###.###
#P.PPP@.######.#
#..$....((.(...#
#####..#########
#.## #. #. #. #.


You could see a centaur.

Vanquished Creatures
  A worker ant (D:4)
  4 adders
  9 gnolls
  An ooze (D:1)
  5 worms
  2 dart slugs
  4 leopard geckos
  2 orcs
  A ball python (D:1)
  8 bats
  2 giant cockroaches (D:2)
  8 goblins
  3 hobgoblins
  8 jackals
  5 kobolds
  2 quokkas
  3 frilled lizards
  A quokka skeleton (D:4)
  6 rats
75 creatures vanquished.

Notes
Turn   | Place    | Note
-------+----------+-------------------------------------------
     0 | D:1      | Fang the Gargoyle Berserker began the quest for the Orb.
     0 | D:1      | Reached XP level 1. HP: 14/14 MP: 1/1
    51 | D:1      | Reached XP level 2. HP: 17/19 MP: 2/2
   536 | D:1      | Reached XP level 3. HP: 24/24 MP: 3/3
   677 | D:2      | Reached ** piety under Trog
   968 | D:2      | Reached XP level 4. HP: 28/29 MP: 4/4
  1684 | D:3      | Found a burning altar of Makhleb.
  1839 | D:3      | Reached XP level 5. HP: 26/33 MP: 5/5
  2230 | D:3      | Reached *** piety under Trog
  2855 | D:4      | Noticed a centaur
  2856 | D:4      | Found a blossoming altar of Fedhas.
  2863 | D:4      | Reached XP level 6. HP: 39/39 MP: 6/6
  2876 | D:4      | Shot with an arrow by a centaur

Skill      XL: |  1  2  3  4 |
---------------+-------------+-----
Axes           | 3 4 |  4.7
Dodging        | 2 |  2.7
Fighting       | 4 |  4.5
Armour         | |  2.3
Stealth        | |  0.4

Action                   |  1- 3 |  4- 6 || total
-------------------------+-------+-------++-------
Melee: Hand axe          |   109 |   194 ||   303
Invok: Berserk           |     1 |     2 ||     3
  Eat: Chunk             |     1 |     7 ||     8
Armor: Animal skin       |    53 |    54 ||   107
Dodge: Dodged            |    88 |   114 ||   202
